 Seeded DCSS version 0.29.1-13-g9f3cf754e1 (webtiles) character file.

Game seed: 3957822347884328589 (custom seed)

17087 hbarley the Severer (level 12, -6/104 (107) HPs)
             Began as a Hill Orc Fighter on Feb 4, 2023.
             Was the Champion of Uskayaw.
             Mangled by a white ugly thing (10 damage)
             ... on level 15 of the Dungeon.
             The game lasted 00:28:21 (10514 turns).

hbarley the Severer (Hill Orc Fighter)             Turns: 10514, Time: 00:28:22

HP:   -6/104 (107)  AC: 18    Str: 26    XL:     12   Next: 44%
MP:   12/12         EV: 11    Int:  8    God:    Uskayaw [******]
Gold: 716           SH:  6    Dex: 14    Spells: 11/11 levels left

rFire   x . .      SeeInvis .   E - +2 war axe (freeze)
rCold   + . .      Faith    .   c - +0 buckler
rNeg    . . .      Spirit   .   y - +5 scale mail
rPois   .          Reflect  .   (no helmet)
rElec   .          Harm     .   (no cloak)
rCorr   .          Rampage  .   f - +2 pair of gloves
Will    .....                   M - +0 pair of boots
Stlth   ++........              u - amulet of regeneration
HPRegen 1.07/turn               e - +6 ring of strength
MPRegen 0.13/turn               p - ring of ice

@: mighty, lightly drained
A: no striking features
a: Renounce Religion, Stomp, Line Pass, Grand Finale


You were on level 15 of the Dungeon.
You worshipped Uskayaw.
Uskayaw was noncommittal.
You visited 2 branches of the dungeon, and saw 15 of its levels.
You also visited: Sewer and Ossuary.

You collected 716 gold pieces.

Inventory:

Hand Weapons
 a - a +0 war axe
 E - a +2 war axe of freezing (weapon)
Missiles
 t - 38 poisoned darts (quivered)
Armour
 b - a +0 scale mail
 c - a +0 buckler (worn)
 f - a +2 pair of gloves (worn)
 r - a +0 plate armour
 y - a +5 scale mail (worn)
 M - a +0 pair of boots (worn)
Jewellery
 e - a +6 ring of strength (left hand)
 g - a ring of ice
 p - a ring of ice (right hand)
 u - an amulet of regeneration (around neck)
 A - a +4 ring of evasion
 Q - a ring of resist corrosion
 T - a ring of positive energy
Wands
 x - a wand of iceblast (30)
 F - a wand of quicksilver (7)
 O - a wand of paralysis (6)
Scrolls
 h - 4 scrolls of enchant armour
 j - 5 scrolls of teleportation
 k - 2 scrolls of blinking
 l - 4 scrolls of immolation
 m - a scroll of amnesia
 o - 2 scrolls of identify
 z - 2 scrolls of silence
 B - a scroll of vulnerability {unknown}
 C - a scroll of magic mapping {unknown}
 G - 2 scrolls of butterflies
 I - 2 scrolls of noise
 L - 2 scrolls of fear
 R - a scroll of poison {unknown}
 U - a scroll of brand weapon {unknown}
 V - a scroll of enchant weapon {unknown}
Potions
 d - 3 potions of might
 i - 2 potions of ambrosia
 n - a potion of invisibility {unknown}
 q - a potion of magic {unknown}
 v - 5 potions of curing
 w - 6 potions of mutation
 D - 3 potions of degeneration
 H - a potion of flight {unknown}
 J - a potion of berserk rage {unknown}
 K - 4 potions of haste
 N - a potion of cancellation {unknown}
 P - a potion of lignification {unknown}
 S - a potion of attraction {unknown}


   Skills:
 + Level 10.4 Fighting
 + Level 16.6 Axes
 + Level 9.0 Armour
 + Level 3.3 Dodging
 + Level 7.4 Stealth
 + Level 6.9 Shields
 + Level 0.2 Evocations


You had 11 spell levels left.
You didn't know any spells.
Your spell library contained the following spells:

 Spells                   Type           Power      Damage    Failure   Level
 Magic Dart               Conj           0%         1d3       73%         1
 Slow                     Hex            0%         N/A       73%         1
 Sting                    Tmut/Pois      0%         1d3       73%         1
 Call Imp                 Summ           0%         N/A       86%         2
 Poisonous Vapours        Pois/Air       0%         N/A       86%         2
 Static Discharge         Conj/Air       0%         3-3/arc   86%         2
 Call Canine Familiar     Summ           0%         N/A       97%         3
 Confusing Touch          Hex            0%         N/A       97%         3
 Mephitic Cloud           Conj/Pois/Air  0%         N/A       97%         3
 Portal Projectile        Hex/Tloc       0%         N/A       97%         3
 Vampiric Draining        Necr           0%         2d6       97%         3
 Animate Dead             Necr           0%         N/A       100%        4
 Leda's Liquefaction      Hex/Erth       0%         N/A       100%        4
 Olgreb's Toxic Radiance  Pois           0%         N/A       100%        4
 Alistair's Intoxication  Tmut/Pois      0%         N/A       100%        5
 Blade Hands              Tmut           0%         N/A       100%        5
 Borgnjor's Vile Clutch   Necr/Erth      0%         N/A       100%        5
 Irradiate                Conj/Tmut      0%         3d11      100%        5
 Lightning Bolt           Conj/Air       0%         1d11      100%        5
 Death Channel            Necr           0%         N/A       100%        6
 Eringya's Noxious Bog    Tmut/Pois      0%         N/A       100%        6
 Dragon Form              Tmut           0%         N/A       100%        7
 Maxwell's Capacitive Co  Air            0%         ∞         100%        8


Dungeon Overview and Level Annotations

Branches:
Dungeon (13/15)            Temple (1/1) D:5            Lair (0/5) D:8
    Orc (0/2) D:11         Depths (0/4) D:15          Sewer (visited)
Ossuary (visited)
 Vaults: D:13-14

Altars:
Ashenzari
Cheibriados
Dithmenos
Elyvilon
Fedhas
Gozag
Kikubaaqudgha
Makhleb
Nemelex Xobeh
Ru
Sif Muna
Trog
Uskayaw
Vehumet
Wu Jian
Xom
Yredelemnul
Zin
The Shining One

Shops:
D:10 :

Annotations:
D:3 2 transporters, purpskrrrp's ghost, amateur GrFi
D:5 2 runed translucent doors, leafyfresh's ghost, novice GnDe
D:12 3 runed translucent doors, Loveship's ghost, journeyman DsFi; Yklotitu's ghost, journeyman CeHu; hbarley's ghost, journeyman HOFi


Message History

Uskayaw prepares the audience for your solo!
You feel much better.
The spriggan berserker skeleton is no longer paralysed.
The shadow dragon skeleton is no longer paralysed.
The frost giant zombie is no longer paralysed.
The skeletal warrior is no longer paralysed.
The white ugly thing is no longer paralysed. x3
The redback is no longer paralysed.
The orc knight is no longer paralysed.
The redback bites you. The white ugly thing engulfs you.
The white ugly thing freezes you! You resist.
* * * LOW HITPOINT WARNING * * *
The orc knight hits you with a +1 long sword of draining.
* * * LOW HITPOINT WARNING * * *
You feel drained.
* * * LOW HITPOINT WARNING * * *
The redback bites you but does no damage.
The spriggan berserker skeleton hits you.
* * * LOW HITPOINT WARNING * * *
You slice the white ugly thing!! You freeze the white ugly thing.
The white ugly thing is heavily wounded.
You barely miss the white ugly thing.
You hit the spriggan berserker skeleton.
You destroy the spriggan berserker skeleton!
You slash the orc knight! You freeze the orc knight.
You barely miss the redback.
The orc warrior is no longer paralysed.
You block the redback's attack.
The white ugly thing engulfs you but does no damage.
The orc knight barely misses you.
The orc warrior hits you from afar with a +0 halberd!
* * * LOW HITPOINT WARNING * * *
You slash the white ugly thing! You freeze the white ugly thing.
The white ugly thing is severely wounded.
You slash the redback! You freeze the redback. You hit the white ugly thing.
You hit the orc knight. You freeze the orc knight.
You block the redback's attack.
You block the white ugly thing's attack.
The white ugly thing engulfs you!
* * * LOW HITPOINT WARNING * * *
The white ugly thing freezes you! You resist.
You die...

#....# #..# .... #....#
#..# ...... #....# #..#
..... #....# #.. ....
##....# #.# ..#
...#'########.###..###
...#...'.............#
...+...#.......suZ...#..
...#...#......##@ou.....
...#####..#####))uo..8.P
'#######..# ...zZ.P....
..........#...P..8......
..........#...........$.
..#########..........P8.
..# ..........8>... ..#
.....P.....8... ..#


You could see an orc knight, 3 ugly things, a skeletal warrior, an orc warrior
(strong), a redback, a frost giant zombie and a shadow dragon skeleton.

Vanquished Creatures
  3 boulder beetles
  4 two-headed ogres
  A centaur warrior (D:15)
  A vampire mage (D:15)
  Maurice (D:8)
  A gargoyle (D:12)
  A komodo dragon (D:12)
  A guardian mummy (D:15)
  3 meliai (D:15)
  Grinder (D:3)
  3 slime creatures (D:12)
  A hornet (D:7)
  5 shadows
  A spriggan skeleton (D:15)
  13 yaks
  A basilisk (D:13)
  2 wraiths
  Grum (D:11)
  Menkaure (D:6)
  3 water moccasins
  Duvessa (D:4)
  6 orc warriors
  An ogre (D:5)
  3 centaurs
  3 wolves (D:11)
  A black bear (D:5)
  2 phantoms
  4 kobold brigands
  4 bullfrogs
  An elf zombie (Ossuary)
  5 scorpions
  2 necrophages
  10 wights
  Dowan (D:4)
  17 killer bees
  5 howler monkeys
  6 hounds
  A jelly (D:6)
  6 orc priests
  Jessica (D:3)
  A human zombie (Ossuary)
  Ijyb (D:4)
  3 iguanas
  12 orc wizards
  2 mummies (Ossuary)
  8 adders
  5 river rats (Sewer)
  2 shadow imps (D:6)
  An adder zombie (Ossuary)
  3 worms
  35 orcs
  8 endoplasms
  5 giant cockroaches
  5 goblins
  5 hobgoblins
  7 jackals
  2 quokkas (D:1)
  8 ball pythons
  7 bats
  7 frilled lizards
  4 goblin zombies (Ossuary)
  8 hobgoblin zombies (Ossuary)
  A jackal zombie (Ossuary)
  17 kobolds
  12 kobold zombies (Ossuary)
  8 orc zombies (Ossuary)
  5 rats
  A rat zombie (Ossuary)
311 creatures vanquished.

Vanquished Creatures (others)
  A kobold (D:4)
  3 bushes (D:15)
  12 fungi
  39 plants
  4 withered plants (D:15)
59 creatures vanquished.

Grand Total: 370 creatures vanquished

Notes
Turn   | Place    | Note
-------+----------+-------------------------------------------
     0 | D:1      | hbarley the Hill Orc Fighter began the quest for the Orb.
     0 | D:1      | Reached XP level 1. HP: 19/19 MP: 1/1
   332 | D:1      | Found a faded altar of an unknown god.
   387 | D:1      | Reached XP level 2. HP: 21/27 MP: 2/2
   856 | D:2      | Reached skill level 3 in Axes
  1071 | D:2      | Reached XP level 3. HP: 23/33 MP: 3/3
  1944 | D:3      | Noticed Jessica
  1949 | D:3      | Killed Jessica
  1950 | D:3      | Reached XP level 4. HP: 30/40 MP: 4/4
  2172 | D:3      | Reached skill level 4 in Axes
  2175 | D:3      | Reached XP level 5. HP: 35/46 MP: 5/5
  2335 | D:3      | Reached skill level 5 in Axes
  2344 | D:3      | Found a transporter.
  2348 | D:3      | Noticed purpskrrrp's ghost (amateur GrFi)
  2390 | D:3      | Found a transporter.
  2465 | D:3      | Noticed Grinder
  2470 | D:3      | Killed Grinder
  2471 | D:3      | Reached skill level 6 in Axes
  2471 | D:3      | Reached XP level 6. HP: 55/55 MP: 6/6
  2795 | D:4      | Reached skill level 5 in Fighting
  2795 | D:4      | Reached skill level 7 in Axes
  2805 | D:4      | Noticed Dowan
  2807 | D:4      | Noticed Duvessa
  2818 | D:4      | Killed Dowan
  2819 | D:4      | Reached XP level 7. HP: 47/61 MP: 7/7
  2824 | D:4      | Killed Duvessa
  3162 | D:4      | Noticed Ijyb
  3172 | D:4      | Killed Ijyb
  3173 | D:4      | Reached skill level 8 in Axes
  3262 | D:5      | Entered Level 5 of the Dungeon
  3278 | D:5      | Reached skill level 5 in Armour
  3385 | D:5      | Found a large runed translucent door.
  3386 | D:5      | Found a large runed translucent door.
  3389 | D:5      | Noticed leafyfresh's ghost (novice GnDe)
  3411 | D:5      | Found a staircase to the Ecumenical Temple.
  3423 | Temple   | Entered the Ecumenical Temple
  3472 | Temple   | Became a worshipper of Uskayaw the Reveller
  3600 | D:5      | Reached * piety under Uskayaw
  3602 | D:5      | Reached skill level 9 in Axes
  3602 | D:5      | Reached XP level 8. HP: 26/70 MP: 8/8
  3602 | D:5      | Reached ** piety under Uskayaw
  3758 | D:5      | Reached skill level 1 in Dodging
  4070 | D:6      | Found a blossoming altar of Fedhas.
  4079 | D:6      | Reached *** piety under Uskayaw
  4174 | D:6      | Found a glowing drain.
  4185 | Sewer    | Entered a sewer
  4379 | Sewer    | Reached skill level 10 in Axes
  4867 | D:6      | Reached **** piety under Uskayaw
  4871 | D:6      | Reached XP level 9. HP: 75/75 MP: 9/9
  4890 | D:6      | Noticed Menkaure
  4897 | D:6      | Killed Menkaure
  4985 | D:6      | Reached skill level 1 in Stealth
  5257 | D:6      | Reached skill level 11 in Axes
  5260 | D:6      | Reached ***** piety under Uskayaw
  5635 | D:7      | Noticed a hornet
  5644 | D:7      | Killed a hornet
  5762 | D:7      | Reached skill level 12 in Axes
  5950 | D:7      | Found a sand-covered staircase.
  5956 | Ossuary  | Entered an ossuary
  6064 | Ossuary  | Reached XP level 10. HP: 76/86 MP: 10/10
  6607 | D:8      | Reached skill level 13 in Axes
  6607 | D:8      | Reached skill level 5 in Shields
  6613 | D:8      | Noticed Maurice
  6629 | D:8      | Killed Maurice
  6923 | D:8      | Found a staircase to the Lair.
  7406 | D:9      | Reached skill level 14 in Axes
  7418 | D:9      | Noticed a two-headed ogre
  7426 | D:9      | Killed a two-headed ogre
  7657 | D:9      | Reached XP level 11. HP: 95/95 MP: 11/11
  7781 | D:10     | Entered Level 10 of the Dungeon
  7809 | D:10     | Found a glowing silver altar of Zin.
  7887 | D:10     | Reached skill level 5 in Stealth
  8019 | D:10     | Found Reniev's Book Shop.
  8240 | D:10     | Noticed a two-headed ogre
  8251 | D:10     | Killed a two-headed ogre
  8348 | D:10     | Noticed a two-headed ogre
  8358 | D:10     | Killed a two-headed ogre
  8359 | D:10     | Reached skill level 15 in Axes
  8647 | D:11     | Noticed a boulder beetle
  8670 | D:11     | Noticed a boulder beetle
  8694 | D:10     | Killed a boulder beetle
  8738 | D:11     | Killed a boulder beetle
  8864 | D:11     | Found a sparkling altar of Nemelex Xobeh.
  8910 | D:11     | Noticed Grum
  8925 | D:11     | Killed Grum
  9013 | D:11     | Noticed a two-headed ogre
  9020 | D:11     | Killed a two-headed ogre
  9102 | D:11     | Found a staircase to the Orcish Mines.
  9621 | D:12     | Reached skill level 16 in Axes
  9764 | D:12     | Noticed a boulder beetle
  9776 | D:12     | Killed a boulder beetle
  9777 | D:12     | Reached XP level 12. HP: 91/106 MP: 12/12
  9904 | D:12     | Reached skill level 10 in Fighting
  9930 | D:12     | Found a runed translucent gate.
  9930 | D:12     | Found a runed translucent gate.
  9930 | D:12     | Found a runed translucent gate.
  9934 | D:12     | Noticed Loveship's ghost (journeyman DsFi)
  9934 | D:12     | Noticed hbarley's ghost (journeyman HOFi)
  9934 | D:12     | Noticed Yklotitu's ghost (journeyman CeHu)
 10385 | D:13     | You fall into a shaft and drop 2 floors!
 10385 | D:15     | Entered Level 15 of the Dungeon
 10389 | D:15     | Noticed a centaur warrior
 10398 | D:15     | Killed a centaur warrior
 10495 | D:15     | Found a staircase to the Depths.
 10496 | D:15     | Noticed a vampire mage
 10510 | D:15     | Killed a vampire mage
 10510 | D:15     | Reached ****** piety under Uskayaw
 10514 | D:15     | HP: 4/104 [white ugly thing (7)]
 10514 | D:15     | Mangled by a white ugly thing

Illustrated notes

Levels and vault maps discovered:
D:1:      erik_arrival_triangle_large, layout_rooms,
          chequers_ecumenical_altar_island, minivault_11, grunt_decor_junction
D:2:      layout_basic, minmay_cut_off
D:3:      layout_loops_ring, gammafunk_ghost_stat_death, uniq_jessica,
          uniq_grinder
D:4:      layout_basic, uniq_ijyb, uniq_duvessa
D:5:      layout_loops_cross, temple_statues, ebering_ghost_disaster_area
D:6:      layout_basic, mainiacjoe_overflow_tiny_flanked,
          cheibrodos_sewer_entry_sluice, columned_hall_lemuel, sigmund_army,
          uniq_menkaure
D:7:      layout_cave_pools, enter_ossuary_3, nrook_mini_vaults,
          eino_tiny_chamber, chequers_serial_rivers_marsh,
          minmay_fractal_squares_diagonal_5
D:8:      layout_loops_cross, grunt_lair_entry_orc_guard_hut,
          patterned_corridor, uniq_maurice
D:9:      layout_basic, wad_dig_loot
D:10:     layout_loops_corners, lemuel_doored_altar, serial_shops, shop,
          chequers_serial_rivers_micro_d
D:11:     layout_basic, orc_0_dummy, nemelex_lonely_heart_becter, uniq_grum
D:12:     layout_roguey, gammafunk_ghost_cemetery
D:13:     layout_long_grid, ximxim_vaults_locker_room,
          portal_ice_cave_entry_pillars_2, minmay_misc_feat_more_columns
D:15:     gammafunk_depths_entry_grave, layout_gridville, minmay_hedge_maze
Temple:   nicolae_temple_bog_church

Skill      XL: |  1  2  3  4  5  6  7  8  9 10 11 12 |
---------------+-------------------------------------+-----
Axes           | 3 4 6 7 9 10 12 14 16 | 16.6
Armour         | 4 5 6 7 8 9 |  9.0
Fighting       | 4 5 6 7 8 9 10 | 10.4
Shields        | 4 5 6 |  6.9
Dodging        | 1 2 3 |  3.3
Stealth        | 3 4 6 7 |  7.4
Evocations     | |  0.2

Action                   |  1- 3 |  4- 6 |  7- 9 | 10-12 || total
-------------------------+-------+-------+-------+-------++-------
Melee: War axe           |   106 |    88 |   307 |   354 ||   855
Evoke: Wand              |       |       |       |     2 ||     2
  Use: Scroll            |       |       |       |    16 ||    16
       Potion            |       |       |       |     7 ||     7
 Stab: Paralysed         |       |       |    21 |    49 ||    70
       Sleeping          |       |       |       |     2 ||     2
Armor: Scale mail        |    86 |     6 |    98 |   116 ||   306
       Plate armour      |       |    70 |     3 |       ||    73
Dodge: Dodged            |    55 |    37 |   155 |   198 ||   445
Block: Buckler           |    27 |    20 |    69 |   100 ||   216
